 Dungeon Crawl Stone Soup version 0.20.1-1-g8b1a95d (webtiles) character file.

227261 vomix the Executioner (level 18, -7/250 HPs)
             Began as a Minotaur Berserker on Sept 14, 2017.
             Was a Priest of Trog.
             Mangled by a death yak (9 damage)
             ... led by Polyphemus
             ... on level 4 of the Shoals on Sept 16, 2017.
             The game lasted 02:10:25 (41856 turns).

vomix the Executioner (Minotaur Berserker)         Turns: 41856, Time: 02:10:26

Health: -7/250     AC: 26    Str: 27    XL:     18   Next: 67%
Magic:  25/25      EV:  2    Int:  4    God:    Trog [***...]
Gold:   3052       SH:  0    Dex: 18    Spells: 17/17 levels left

rFire    + + .     SeeInvis .   c - +4 executioner's axe (chop)
rCold    + + .     Gourm    .   (shield currently unavailable)
rNeg     + + +     Faith    .   Z - +2 plate armour {rC+}
rPois    ∞         Spirit   .   n - +2 hat
rElec    .         Reflect  +   U - scarf {rC+ rF+}
rCorr    .         Harm     .   C - +0 pair of gloves
MR       +....                  S - +1 pair of boots
Stlth    ..........             g - +6 amulet of reflection
Regen    0.6/turn               V - +4 ring of evasion
MPRegen  0.2/turn               f - ring of protection from fire

@: berserking (expiring), petrified, studying Bows, very slow
A: retaliatory headbutt, horns 2
}: 1/15 runes: gossamer
a: Berserk, Trog's Hand, Burn Spellbooks, Renounce Religion


You were on level 4 of the Shoals.
You worshipped Trog.
Trog was most pleased with you.
You were not hungry.

You visited 6 branches of the dungeon, and saw 32 of its levels.
You also visited: Labyrinth.

You collected 3164 gold pieces.
You spent 112 gold pieces at shops.

Inventory:

Hand Weapons
 c - a +4 executioner's axe of chopping (weapon)
 y - the +6 trident of Biph {pierce, rElec rPois Dex+2 Stlth+}
   (You found it on level 5 of the Dungeon)

   It inflicts extra damage upon your enemies.
   It affects your dexterity (+2).
   It insulates you from electricity.
   It protects you from poison.
   It makes you more stealthy.
 z - a +4 antimagic battleaxe
 A - the +8 scythe of Classification {protect, *Rage rPois MR+ Str+5, unknown}
   (You took it off a merfolk javelineer on level 4 of the Shoals)

   It protects the one who uses it against injury (+AC on strike).
   It affects your strength (+5).
   It protects you from poison.
   It affects your resistance to hostile enchantments.
   It may make you go berserk in combat.
 M - the +11 trident "Vugemeus" {freeze, rF+ Str+4 Stlth+}
   (You found it on level 8 of the Dungeon)

   It has been specially enchanted to freeze those struck by it, causing extra
   injury to most foes and up to half again as much damage against particularly
   susceptible opponents.
   It can also slow down cold-blooded creatures.
   It affects your strength (+4).
   It protects you from fire.
   It makes you more stealthy.
Armour
 n - a +2 hat (worn)
 C - a +0 pair of gloves (worn)
 Q - a +1 cloak
 S - a +1 pair of boots (worn)
 U - a scarf of resistance (worn)
 Z - a +2 plate armour of cold resistance (worn)
Jewellery
 e - an uncursed ring of resist corrosion
 f - a ring of protection from fire (right hand)
 g - a +6 amulet of reflection (around neck)
 u - an uncursed ring of flight
 B - an uncursed ring of protection from cold
 V - a +4 ring of evasion (left hand)
Wands
 r - a wand of acid (3/15)
 t - a wand of paralysis (17/24)
 I - a wand of iceblast (5/15)
 P - a wand of digging (10/24)
 Y - a wand of lightning (6/15)
Scrolls
 b - 3 scrolls of fear
 d - 5 scrolls of teleportation
 h - a scroll of silence
 i - 2 scrolls of recharging
 k - a scroll of immolation
 q - a scroll of identify
 x - 7 scrolls of blinking
 E - 3 scrolls of magic mapping
 F - a scroll of enchant armour
 N - 16 scrolls of remove curse
 X - 4 scrolls of fog
Potions
 j - 4 potions of might
 m - 5 potions of flight
 o - a potion of haste
 p - 4 potions of cancellation
 v - 2 potions of ambrosia
 H - a potion of berserk rage
 J - 6 potions of lignification
 O - a potion of resistance
 T - 3 potions of agility
Books
 G - a manual of Bows
Miscellaneous
 a - a phial of floods
 s - a sack of spiders
 w - a phantom mirror
 K - 2 boxes of beasts
Comestibles
 l - 13 royal jellies
 L - 23 bread rations
 R - 52 fruits


   Skills:
 + Level 16.3 Fighting
 + Level 23.3 Axes
 + Level 16.8 Armour
 + Level 15.4 Dodging
 - Level 10.6 Evocations


You had 17 spell levels left.
You didn't know any spells.

Dungeon Overview and Level Annotations

Branches:
Dungeon (15/15)            Temple (1/1) D:5            Lair (6/6) D:9
 Shoals (4/4) Lair:3       Spider (4/4) Lair:4        Slime (0/5) Lair:6
    Orc (2/2) D:9             Elf (0/3) Orc:2        Vaults (0/5) D:13
 Depths (0/5) D:15

Altars:
Ashenzari
Cheibriados
Dithmenos
Elyvilon
Fedhas
Gozag
Hepliaklqana
Kikubaaqudgha
Makhleb
Nemelex Xobeh
Okawaru
Qazlal
Ru
Sif Muna
Trog
Uskayaw
Vehumet
Xom
Yredelemnul
Zin
The Shining One
Beogh
Jiyva

Shops:
Orc:2 =[:?

Annotations:
Shoals:4 Ilsuiw, Polyphemus


Innate Abilities, Weirdness & Mutations

You reflexively headbutt those who attack you in melee.
You have a pair of horns on your head.


Message History

The catoblepas breathes a plume of calcifying dust at you.
The blast of calcifying dust hits you!
* * * LOW HITPOINT WARNING * * *
The blast of calcifying dust hits the death yak.
The merfolk hits you but does no damage.
Polyphemus completely misses you. Polyphemus hits you but does no damage.
You are engulfed in calcifying dust.
The death yak gores you but does no damage.
The death yak is engulfed in calcifying dust.
The death yak stops moving altogether!
The death yak gores you!
* * * LOW HITPOINT WARNING * * *
The death yak gores you but does no damage.
The catoblepas gores you but does no damage.
The merfolk hits you from afar with a trident.
Polyphemus hits you but does no damage. x2
The death yak completely misses you.
The death yak is engulfed in calcifying dust.
The death yak gores you but does no damage.
The death yak gores you!!
You die...

≈≈≈≈≈≈≈≈≈≈≈≈m≈...
≈≈≈≈≈≈≈≈≈≈≈≈≈≈≈≈≈≈≈≈
≈≈≈≈≈≈≈≈≈≈≈≈≈<≈(≈≈≈≈
≈≈≈≈≈≈≈≈≈≈≈≈≈≈≈≈≈≈≈≈
≈≈≈≈≈≈≈≈§≈≈≈≈≈≈≈≈≈≈≈
≈≈≈≈≈≈≈≈≈§≈≈≈≈(≈≈≈≈≈
≈≈≈≈≈≈≈≈≈≈§m≈≈≈≈≈≈≈≈
≈≈≈≈≈≈≈≈≈≈≈YCY≈≈≈≈≈≈
≈≈≈≈≈≈≈≈≈≈≈≈@Y≈≈≈≈≈≈
≈≈≈≈≈≈≈≈≈(≈≈YY≈≈≈≈≈≈
≈≈≈≈≈≈≈≈((≈≈≈≈≈≈≈≈≈≈≈
≈≈≈≈≈≈≈≈()≈≈≈≈≈≈≈≈≈≈≈
≈≈≈≈≈≈≈())≈≈≈≈≈≈≈≈≈≈≈
≈≈≈≈≈.≈≈≈≈≈(≈≈≈≈≈≈≈≈≈
≈≈≈≈≈≈≈≈≈≈≈≈≈≈≈≈≈≈≈≈≈
≈≈≈≈≈≈≈≈≈≈≈≈≈≈≈≈≈≈≈≈≈
≈≈≈≈≈≈≈≈(≈(≈)≈≈≈≈≈≈≈


You could see Polyphemus, 4 death yaks, a catoblepas and a merfolk.

Vanquished Creatures
  Nikola (Spider:1)
  Jorgrun (Shoals:4)
  Gastronok (Lair:2)
  A frost giant (Shoals:4)
  Louise (D:14)
  3 ghost moths (Spider:4)
  6 emperor scorpions
  A stone giant (Orc:2)
  3 entropy weavers
  Azrael (D:14)
  A spark wasp (Spider:2)
  The ghost of ThereIsNoGod the Brawler, a journeyman TrFi of Makhleb (Lair:4)
  8 merfolk impalers
  Snorg (D:13)
  A minotaur (Lab)
  4 merfolk javelineers
  An ogre mage (D:15)
  7 hydras
  The ghost of kaze the Protected, a journeyman DsBe of Trog (D:11)
  3 merfolk aquamancers
  4 merfolk avatars
  4 alligator snapping turtles
  A satyr (Shoals:2)
  2 centaur warriors (D:15)
  11 two-headed ogres
  5 death yaks (Lair:5)
  2 tengu warriors
  2 orc high priests (Orc:2)
  A deep elf knight (D:15)
  Sonja (D:14)
  15 sea snakes
  4 unseen horrors
  A harpy (shapeshifter) (D:15)
  2 orc knights (Orc:2)
  Pikel (D:7)
  The ghost of Quirk the Carver, a novice VSFi of Ashenzari (D:9)
  A deep elf mage (D:15)
  A necromancer (Lair:3)
  13 harpies
  21 orb spiders
  2 cyclopes
  16 fauns
  3 orc sorcerers
  A moth of wrath (Spider:4)
  9 elephants
  35 wolf spiders
  10 manticores
  13 merfolk sirens
  Maurice (D:9)
  9 water nymphs
  Psyche (D:9)
  A black mamba (Lair:5)
  4 gargoyles
  2 torpor snails
  10 spiny frogs
  5 rime drakes
  13 demonic crawlers
  An efreet (D:14)
  10 komodo dragons
  2 tengu conjurers
  A redback zombie (D:15)
  A queen bee (shapeshifter) (D:15)
  A queen bee (D:12)
  41 jumping spiders
  3 meliai (D:12)
  6 wind drakes
  2 polar bears
  31 merfolk
  5 trolls
  Prince Ribbit (D:7)
  Grinder (D:4)
  2 hornets
  19 blink frogs
  3 slime creatures (D:12)
  2 dream sheep (Shoals:4)
  13 hippogriffs
  12 snapping turtles
  A shadow (D:14)
  33 yaks
  107 redbacks
  17 water elementals
  31 tarantellas
  9 wyverns
  8 basilisks
  Grum (D:11)
  A fire elemental (D:14)
  A steam dragon (D:9)
  3 vampire mosquitoes
  2 wargs (Orc:2)
  16 soldier ants (Spider:4)
  7 hell hounds (D:14)
  25 orc warriors
  10 porcupines
  15 water moccasins
  Duvessa (D:7)
  5 ice beasts
  5 sky beasts
  3 slaves (D:7)
  4 necrophages
  3 eyes of draining
  2 phantoms
  13 ogres
  8 wolves
  5 boggarts (D:14)
  7 centaurs
  18 crocodiles
  2 big kobolds
  17 bullfrogs
  Dowan (D:7)
  A wyvern zombie (D:13)
  A water moccasin skeleton (D:9)
  5 scorpions
  48 killer bees
  9 wights
  A vampire bat (D:3)
  3 electric eels
  A spriggan skeleton (Lab)
  5 crimson imps
  A bullfrog zombie (D:5)
  5 centaur zombies
  A quasit (D:11)
  4 bullfrog skeletons
  3 centaur skeletons
  2 hounds
  11 orc priests
  4 jellies
  17 orc wizards
  3 iguanas
  2 polar bear simulacra (Lair:3)
  13 worker ants
  3 yak simulacra (Lair:3)
  5 wolf simulacra (Lair:3)
  An ogre skeleton (Lab)
  2 hound skeletons
  8 adders
  2 gnolls
  7 river rats (D:6)
  2 shadow imps
  An ooze (D:5)
  5 worms
  2 adder skeletons
  2 dart slugs
  10 leopard geckos
  66 orcs
  17 bats
  5 giant cockroaches
  13 goblins
  6 hobgoblins
  13 jackals
  19 kobolds
  10 quokkas
  3 ball pythons
  6 frilled lizards
  A jackal skeleton (D:6)
  A quokka skeleton (D:6)
  29 rats
  A river rat simulacrum (Lair:3)
  A fungus (Lair:6)
  6 plants
1200 creatures vanquished.

Vanquished Creatures (collateral kills)
  2 emperor scorpions (Spider:4)
  4 entropy weavers
  3 merfolk javelineers
  An ettin (D:15)
  A merfolk aquamancer (Shoals:4)
  A death yak (Lair:5)
  A two-headed ogre (D:14)
  A queen ant (Spider:4)
  3 orc high priests (Orc:2)
  A deep elf knight (D:15)
  A deep troll (D:15)
  A harpy (Shoals:2)
  4 fauns
  3 orc knights (Orc:2)
  2 orb spiders
  2 orc sorcerers (Orc:2)
  4 wolf spiders
  2 manticores
  A cyclops (D:12)
  A moth of wrath (Spider:1)
  2 elephants
  A black mamba (Lair:6)
  2 merfolk sirens
  2 spiny frogs
  A rime drake (Lair:6)
  A kobold demonologist (D:12)
  2 demonic crawlers
  7 merfolk
  A queen bee (Lair:2)
  4 jumping spiders
  2 polar bears (Lair:6)
  A wind drake (Shoals:4)
  A slime creature (D:12)
  A hippogriff (Shoals:3)
  6 redbacks
  6 yaks (Lair:5)
  5 tarantellas
  2 water elementals (Shoals:3)
  A hungry ghost (D:12)
  5 soldier ants (Spider:4)
  An orc warrior (Orc:2)
  A big kobold (D:12)
  4 bullfrogs
  5 killer bees (Lair:2)
  An electric eel (Lair:6)
  An orc priest (Orc:2)
  An orc wizard (Orc:2)
  A bullfrog skeleton (D:12)
  An iguana (D:9)
  19 worker ants
  3 orcs (Orc:2)
130 creatures vanquished.

Vanquished Creatures (others)
  A merfolk aquamancer (Shoals:4)
  A cyclops (Shoals:1)
  A faun (Shoals:2)
  7 redbacks (Spider:1)
  A slave (D:7)
  15 plants
26 creatures vanquished.

Grand Total: 1356 creatures vanquished

Notes
Turn   | Place    | Note
-------+----------+-------------------------------------------
     0 | D:1      | vomix the Minotaur Berserker began the quest for the Orb.
     0 | D:1      | Reached XP level 1. HP: 19/19 MP: 0/0
    38 | D:1      | Reached skill level 4 in Axes
   273 | D:1      | Reached XP level 2. HP: 17/26 MP: 1/1
   476 | D:1      | Reached skill level 5 in Axes
   598 | D:1      | Reached XP level 3. HP: 31/31 MP: 2/2
  1061 | D:2      | Reached ** piety under Trog
  1305 | D:2      | Reached skill level 6 in Axes
  1305 | D:2      | Reached XP level 4. HP: 36/39 MP: 3/3
  1666 | D:2      | Noticed a moth of wrath
  1669 | D:2      | Found a bloodstained altar of Trog.
  1915 | D:3      | Reached *** piety under Trog
  2103 | D:3      | Reached skill level 7 in Axes
  2103 | D:3      | Reached XP level 5. HP: 45/45 MP: 4/4
  2341 | D:4      | Noticed Grinder
  2351 | D:4      | Killed Grinder
  2351 | D:4      | Reached skill level 8 in Axes
  2351 | D:4      | Reached XP level 6. HP: 51/51 MP: 5/5
  2635 | D:4      | Reached skill level 9 in Axes
  2968 | D:4      | Reached XP level 7. HP: 57/57 MP: 6/6
  3173 | D:5      | Entered Level 5 of the Dungeon
  3199 | D:5      | Found a staircase to the Ecumenical Temple.
  3208 | Temple   | Entered the Ecumenical Temple
  3637 | D:5      | Reached skill level 10 in Axes
  3801 | D:5      | Got a crystal trident
  4043 | D:5      | Identified the +6 trident of Biph {pierce, rElec rPois Dex+2 Stlth+} (You found it on level 5 of the Dungeon)
  4140 | D:6      | Reached skill level 11 in Axes
  4158 | D:6      | Reached **** piety under Trog
  4279 | D:6      | Reached XP level 8. HP: 64/64 MP: 7/7
  4552 | D:6      | Reached skill level 12 in Axes
  4638 | D:6      | Found a basalt altar of Yredelemnul.
  4814 | D:7      | Noticed Duvessa
  4814 | D:7      | Noticed Dowan
  4818 | D:7      | Killed Duvessa
  4819 | D:7      | Killed Dowan
  4822 | D:7      | Reached skill level 13 in Axes
  4824 | D:7      | Noticed Prince Ribbit
  4835 | D:7      | Killed Prince Ribbit
  4969 | D:7      | Reached XP level 9. HP: 59/70 MP: 8/8
  5004 | D:7      | Found a white marble altar of Elyvilon.
  5014 | D:7      | Found a snail-covered altar of Cheibriados.
  5117 | D:7      | Noticed Pikel
  5127 | D:7      | Reached skill level 14 in Axes
  5145 | D:7      | Killed Pikel
  6021 | D:8      | Reached ***** piety under Trog
  6108 | D:8      | Reached skill level 15 in Axes
  6131 | D:8      | Found a shimmering altar of Xom.
  6131 | D:8      | Found a shimmering altar of Xom.
  6133 | D:8      | Found a shimmering altar of Xom.
  6133 | D:8      | Found a shimmering altar of Xom.
  6133 | D:8      | Found a shimmering altar of Xom.
  6133 | D:8      | Found a shimmering altar of Xom.
  6133 | D:8      | Found a shimmering altar of Xom.
  6157 | D:8      | Found a shimmering altar of Xom.
  6196 | D:8      | Got a shimmering trident
  6197 | D:8      | Identified the +11 trident "Vugemeus" {freeze, rF+ Str+4 Stlth+} (You found it on level 8 of the Dungeon)
  6849 | D:9      | Noticed Psyche
  6860 | D:9      | Killed Psyche
  6910 | D:9      | Found an opulent altar of Gozag.
  6944 | D:9      | Reached skill level 16 in Axes
  7028 | D:9      | Reached XP level 10. HP: 58/77 MP: 9/9
  7121 | D:9      | Noticed Maurice
  7133 | D:9      | Killed Maurice
  7414 | D:9      | Identified the Tome of Unreason
  7484 | D:9      | Noticed Quirk's ghost (novice VSFi)
  7490 | D:9      | Killed Quirk's ghost
  7490 | D:9      | Reached skill level 17 in Axes
  7537 | D:9      | Found a staircase to the Lair.
  7649 | D:9      | Found an iron altar of Okawaru.
  7819 | D:9      | Found a glowing silver altar of Zin.
  7857 | D:9      | Found a staircase to the Orcish Mines.
  7940 | D:10     | Entered Level 10 of the Dungeon
  8192 | D:10     | Noticed a two-headed ogre
  8198 | D:10     | Killed a two-headed ogre
  8198 | D:10     | Reached skill level 18 in Axes
  8545 | D:10     | Killed an unseen horror
  8545 | D:10     | Reached XP level 11. HP: 57/82 MP: 10/10
  8936 | D:10     | Noticed a two-headed ogre
  8941 | D:10     | Killed a two-headed ogre
  8941 | D:10     | Reached skill level 19 in Axes
  9063 | Lair:1   | Entered Level 1 of the Lair of Beasts
 10105 | Lair:2   | Reached skill level 20 in Axes
 10121 | Lair:2   | Noticed Gastronok
 10136 | Lair:2   | Killed Gastronok
 10576 | Lair:2   | Noticed a four-headed hydra
 10584 | Lair:2   | Killed a four-headed hydra
 10636 | Lair:2   | Reached skill level 21 in Axes
 10655 | Lair:2   | Reached XP level 12. HP: 91/91 MP: 11/11
 10701 | Lair:2   | Reached skill level 5 in Fighting
 10761 | Lair:2   | Noticed a five-headed hydra
 10770 | Lair:2   | Killed a five-headed hydra
 12122 | Lair:3   | Found a staircase to the Shoals.
 12172 | Lair:3   | Reached skill level 10 in Fighting
 13135 | Lair:4   | Noticed an eight-headed hydra
 13142 | Lair:4   | Killed an eight-headed hydra
 13390 | Lair:4   | Reached ****** piety under Trog
 13482 | Lair:4   | Noticed ThereIsNoGod's ghost (journeyman TrFi)
 13488 | Lair:4   | Killed ThereIsNoGod's ghost
 13488 | Lair:4   | Reached XP level 13. HP: 118/118 MP: 12/12
 13511 | Lair:4   | Got a pearl-encrusted leather armour
 13954 | Lair:4   | Reached skill level 5 in Armour
 13966 | Lair:4   | Found a hole to the Spider Nest.
 14349 | Lair:4   | Identified the +0 leather armour of Grace {rN+ Str+2 Int+4} (You found it on level 4 of the Lair of Beasts)
 14396 | Lair:5   | Reached skill level 5 in Dodging
 14692 | Lair:5   | Received a gift from Trog
 15371 | Lair:6   | Entered Level 6 of the Lair of Beasts
 15474 | Lair:6   | Received a gift from Trog
 15481 | Lair:6   | Reached skill level 10 in Armour
 15532 | Lair:6   | Reached XP level 14. HP: 57/126 MP: 13/13
 15613 | Lair:6   | Found a labyrinth entrance.
 15650 | Lab      | Entered a labyrinth
 16300 | Lab      | Reached skill level 10 in Dodging
 16762 | Lair:6   | Found a staircase to the Slime Pits.
 16763 | Lair:6   | Found a viscous altar of Jiyva.
 17471 | Orc:1    | Entered Level 1 of the Orcish Mines
 17543 | Orc:1    | Found a roughly hewn altar of Beogh.
 17596 | Orc:1    | Received a gift from Trog
 17901 | Orc:2    | Entered Level 2 of the Orcish Mines
 17926 | Orc:2    | Found a staircase to the Elven Halls.
 18307 | Orc:2    | Noticed a stone giant
 18324 | Orc:2    | Killed a stone giant
 18763 | Orc:2    | Found Iloxabol's Jewellery Shoppe.
 18763 | Orc:2    | Found Vouggeat's Armour Boutique.
 18765 | Orc:2    | Found Evihaci's Book Shoppe.
 18765 | Orc:2    | Found Pibiur's Magic Scroll Boutique.
 18907 | Orc:2    | Bought a scroll of enchant weapon for 112 gold pieces
 19048 | Orc:2    | Received a gift from Trog
 19422 | D:10     | Reached skill level 1 in Evocations
 19732 | D:11     | Noticed kaze's ghost (journeyman DsBe)
 19739 | D:11     | Killed kaze's ghost
 20319 | D:11     | Noticed Grum
 20334 | D:11     | Killed Grum
 20550 | D:12     | Reached skill level 5 in Evocations
 20579 | D:12     | Received a gift from Trog
 21273 | D:13     | Reached XP level 15. HP: 132/132 MP: 18/18
 21542 | D:13     | Found a gate to the Vaults.
 21552 | D:13     | Got a polished trident
 21553 | D:13     | Identified the +5 trident "Keil" {pierce, rN+ Int+4} (You found it on level 13 of the Dungeon)
 21922 | D:13     | Noticed Snorg
 21929 | D:13     | Killed Snorg
 22123 | D:14     | Got a jewelled falchion
 22182 | D:14     | Noticed Sonja
 22188 | D:14     | Killed Sonja
 22334 | D:14     | Identified the +2 falchion of Spite {flame, rN+ Dex+2} (You found it on level 14 of the Dungeon)
 22531 | D:14     | Noticed Azrael
 22558 | D:14     | Killed Azrael
 22657 | D:14     | Noticed Louise
 22667 | D:14     | Killed Louise
 22971 | D:15     | Entered Level 15 of the Dungeon
 23025 | D:15     | Found a staircase to the Depths.
 23215 | D:15     | Received a gift from Trog
 23317 | D:15     | Reached skill level 10 in Evocations
 23333 | D:15     | Paralysed by an ogre mage for 3 turns
 23380 | D:15     | Received a gift from Trog
 24028 | D:15     | Found a glowing silver altar of Zin.
 24757 | Spider:1 | Entered Level 1 of the Spider Nest
 25551 | Spider:1 | Noticed Nikola
 25568 | Spider:1 | Killed Nikola
 25787 | Spider:1 | Received a gift from Trog
 25806 | Spider:1 | Reached XP level 16. HP: 89/141 MP: 9/23
 27286 | Spider:2 | Received a gift from Trog
 28476 | Spider:2 | Identified a scroll of acquirement
 28477 | Spider:2 | Got a brightly glowing lead ring
 28479 | Spider:2 | Identified the ring of Uprung {Ice *Slow Str+7} (You acquired it on level 2 of the Spider Nest)
 28809 | Spider:3 | Received a gift from Trog
 30197 | Spider:3 | Received a gift from Trog
 30730 | Spider:4 | Entered Level 4 of the Spider Nest
 31200 | Spider:4 | Reached skill level 22 in Axes
 31455 | Spider:4 | Reached XP level 17. HP: 139/152 MP: 24/24
 32325 | Spider:4 | Reached skill level 15 in Armour
 32366 | Spider:4 | Received a gift from Trog
 33452 | Spider:4 | Got a gossamer rune of Zot
 33697 | Shoals:1 | Entered Level 1 of the Shoals
 33761 | Shoals:1 | Received a gift from Trog
 34266 | Shoals:1 | Reached skill level 15 in Fighting
 36175 | Shoals:2 | Received a gift from Trog
 36734 | Shoals:2 | Reached XP level 18. HP: 149/163 MP: 25/25
 39172 | Shoals:3 | Reached skill level 15 in Dodging
 39318 | Shoals:3 | Reached skill level 23 in Axes
 39588 | Shoals:4 | Entered Level 4 of the Shoals
 40056 | Shoals:4 | Noticed Jorgrun
 40074 | Shoals:4 | HP: 2/166 [manticore/volley of spikes (14)]
 40794 | Shoals:4 | Killed Jorgrun
 40886 | Shoals:4 | Identified Gonkus's Almanac of Poison and Transformation
 41366 | Shoals:4 | Noticed Ilsuiw
 41677 | Shoals:4 | Got a faintly glowing scythe {protect}
 41829 | Shoals:4 | Noticed Polyphemus
 41854 | Shoals:4 | HP: 10/250 [death yak[Polyphemus] (5)]
 41855 | Shoals:4 | HP: 1/250 [death yak[Polyphemus] (4)]
 41856 | Shoals:4 | Mangled by a death yak

Skill      XL: |  1  2  3  4  5  6  7  8  9 10 11 12 13 14 15 16 17 18 |
---------------+-------------------------------------------------------+-----
Axes           | 4 5 6 7 8 9 11 13 16 18 21 22 23 | 23.3
Fighting       | 4 12 14 15 16 | 16.3
Armour         | 4 10 12 13 14 16 | 16.8
Dodging        | 4 9 11 12 13 14 15 | 15.4
Evocations     | 6 10 | 10.6

Action                   |  1- 3 |  4- 6 |  7- 9 | 10-12 | 13-15 | 16-18 || total
-------------------------+-------+-------+-------+-------+-------+-------++-------
Melee: Hand axe          |   103 |   115 |    39 |       |       |       ||   257
       Headbutt          |    12 |    25 |    50 |    81 |   282 |   296 ||   746
       Trident           |       |       |   225 |   459 |  1253 |   198 ||  2135
       Battleaxe         |       |       |       |       |       |   536 ||   536
       Executioner's axe |       |       |       |       |       |   663 ||   663
Invok: Berserk           |       |     1 |     2 |     4 |     7 |    11 ||    25
       Trog's Hand       |       |     1 |     2 |     4 |     4 |    16 ||    27
       Brothers in Arms  |       |       |     1 |     2 |     9 |    23 ||    35
       Burn Spellbooks   |       |       |       |     2 |     2 |     5 ||     9
Evoke: Wand              |       |       |       |       |     3 |    22 ||    25
  Use: Scroll            |       |       |     6 |     4 |    19 |    18 ||    47
       Potion            |       |       |       |     3 |     3 |    19 ||    25
 Stab: Sleeping          |       |       |     4 |     4 |       |       ||     8
       Distracted        |       |       |       |     2 |     1 |     5 ||     8
       Paralysed         |       |       |       |       |       |    11 ||    11
       Petrified         |       |       |       |       |       |     4 ||     4
  Eat: Chunk             |     1 |     4 |     2 |     5 |    22 |    17 ||    51
       Meat ration       |       |     2 |     2 |     3 |     4 |     4 ||    15
       Fruit             |       |       |     2 |       |     1 |     3 ||     6
       Royal jelly       |       |       |       |     1 |     6 |     5 ||    12
       Bread ration      |       |       |       |       |       |     6 ||     6
Armor: Animal skin       |     3 |       |       |       |       |       ||     3
       Chain mail        |    45 |     1 |       |       |       |       ||    46
       Ring mail         |       |    39 |    58 |    98 |       |       ||   195
       Plate armour      |       |       |       |    17 |   312 |   765 ||  1094
Dodge: Dodged            |    39 |    53 |    88 |   120 |   476 |  1303 ||  2079
Block: Other             |       |    20 |    44 |    68 |   173 |   469 ||   774
       Reflection        |       |       |     5 |     6 |     7 |    51 ||    69
